 Dungeon Crawl Stone Soup version 0.27-a0-1597-ge58577e147 (webtiles) character file.

Game seed: 2590516845674122762

25 Lusmu the Caller (level 3, -5/19 HPs)
             Began as a Tengu Summoner on July 21, 2021.
             Slain by a gnoll (8 damage)
             ... on level 1 of the Dungeon.
             The game lasted 00:04:12 (1484 turns).

Lusmu the Caller (Tengu Summoner)                   Turns: 1484, Time: 00:04:13

Health: -5/19      AC:  2    Str:  9    XL:     3   Next: 4%
Magic:  6/7        EV: 12    Int: 15    God:
Gold:   10         SH:  0    Dex: 14    Spells: 5/6 levels left

rFire    . . .     SeeInvis .   b - +0 short sword
rCold    . . .     Faith    .   (no shield)
rNeg     . . .     Spirit   .   a - +0 robe
rPois    .         Reflect  .   (helmet restricted)
rElec    .         Harm     .   (no cloak)
rCorr    .         Rampage  .   (no gloves)
Will     .....                  (boots unavailable)
Stlth    ++........             (no amulet)
HPRegen  0.06/turn              (no ring)
MPRegen  0.10/turn              (no ring)

@: no status effects
A: beak, talons 3
a: no special abilities


You were on level 1 of the Dungeon.
You visited 1 branch of the dungeon, and saw 2 of its levels.

You collected 10 gold pieces.

Inventory:

Hand Weapons
 b - a +0 short sword (weapon)
Armour
 a - a +0 robe (worn)
Scrolls
 g - a scroll of immolation {unknown}
Potions
 d - a potion of brilliance {unknown}
 e - a potion of degeneration {unknown}
 f - a potion of berserk rage {unknown}
 h - a potion of curing {unknown}


   Skills:
 - Level 2.1 Dodging
 + Level 2.6 Stealth
 + Level 2.4 Spellcasting
 + Level 5.2 Summonings


You had 5 spell levels left.
You knew the following spells:

 Your Spells              Type           Power      Damage    Failure   Level
a - Summon Small Mammal   Summ           68%        N/A       2%          1

Your spell library contained the following spells:

 Spells                   Type           Power      Damage    Failure   Level
 Call Imp                 Summ           17%        N/A       3%          2
 Call Canine Familiar     Summ           17%        N/A       8%          3
 Summon Guardian Golem    Hex/Summ       9%         N/A       22%         3
 Summon Lightning Spire   Summ/Air       9%         N/A       58%         4


Dungeon Overview and Level Annotations

Branches:
Dungeon (2/15)

Altars:


Innate Abilities, Weirdness & Mutations

You have a beak for a mouth.
You have claws for feet.


Message History

A gnoll comes into view. It is wielding a +0 club.
The gnoll moves out of view.
The gnoll shouts!
You hear a shout!
You hear an angry hiss.
A gnoll comes into view. It is wielding a +0 club.
You hit the bat.
You kill the bat!
A gnoll comes into view. It is wielding a +0 spear.
Casting: Summon Small Mammal (safe; 2% risk of failure)
Confirm with . or Enter, or press ? or * to list all spells.
The gnoll closely misses you.
The gnoll hits something with a +0 club.
Something barely misses your quokka.
There is a stone staircase leading up here.
Your quokka closely misses the gnoll.
The gnoll barely misses you.
The gnoll throws a throwing net.
The throwing net closely misses your quokka.
The throwing net hits the gnoll.
The gnoll is caught in the net!
Your quokka bites the gnoll.
You climb upwards.
There is a stone staircase leading down here.
You climb downwards.
Your quokka disappears in a puff of smoke!
The gnoll hits you with a +0 club. x2
There is a stone staircase leading up, spattered with blood here.
The gnoll hits you with a +0 club.
You climb upwards.
There is a stone staircase leading down here.
Casting: Summon Small Mammal (safe; 2% risk of failure)
Confirm with . or Enter, or press ? or * to list all spells.
The gnoll hits you with a +0 club.
* * * LOW HITPOINT WARNING * * *
Your bat hits the gnoll but does no damage.
Your bat completely misses the gnoll.
Your bat hits the gnoll but does no damage.
Your bat closely misses the gnoll.
Your bat hits the gnoll. x2
Your bat barely misses the gnoll.
It was a potion of cancellation.
You feel magically purged. The gnoll hits you with a +0 club!
You die...

#.# ###.######## #.#
#...........
#.#######.....(.....
#.............(.....
#...................
#........)..........
#..............#####
#...................
#..@gb.........#####
#..............#####
##.........>........
#.............#####
#.............# #..
#.............# #..
#.............# #..
#.............# #..
#.............# #..


You could see a gnoll (ally target) and a friendly bat (summoned).

Vanquished Creatures
  A ball python (D:1)
  4 bats
  An endoplasm (D:1)
  A giant cockroach (D:1)
  A goblin (D:1)
  2 hobgoblins (D:1)
  A quokka (D:1)
  A rat (D:1)
12 creatures vanquished.

Vanquished Creatures (collateral kills)
  A gnoll (D:1)
  A bat (D:1)
  A goblin (D:1)
  A hobgoblin (D:1)
  A kobold (D:1)
5 creatures vanquished.

Grand Total: 17 creatures vanquished

Notes
Turn   | Place    | Note
-------+----------+-------------------------------------------
     0 | D:1      | Lusmu the Tengu Summoner began the quest for the Orb.
     0 | D:1      | Reached XP level 1. HP: 10/10 MP: 4/4
     6 | D:1      | Noticed a swamp worm
     6 | D:1      | Noticed a swamp drake
     6 | D:1      | Noticed a scorpion
     6 | D:1      | Noticed an anaconda
   330 | D:1      | Found a faded altar of an unknown god.
   466 | D:1      | Reached skill level 5 in Summonings
   706 | D:1      | Reached XP level 2. HP: 15/15 MP: 6/6
  1227 | D:1      | Reached XP level 3. HP: 8/19 MP: 4/7
  1484 | D:1      | Slain by a gnoll

Illustrated notes

Levels and vault maps discovered:
D:1:      onia_arrival_zoo_common, layout_basic,
          shapermc_ecumenical_altar_pompeii, serial_bayou_pond_d
D:2:      layout_rooms, uniq_natasha, uniq_jessica, uniq_sigmund, uniq_terence

Skill      XL: |  1 |
---------------+----+-----
Summonings     | 5 |  5.2
Dodging        | |  2.1
Stealth        | |  2.6
Spellcasting   | |  2.4

Action                   || total
-------------------------++-------
Melee: Short sword       ||    34
       Unarmed           ||     4
       Peck              ||     5
       Kick              ||     3
 Cast: Summon Small Mamm ||    16
  Use: Potion            ||     1
 Stab: Sleeping          ||     5
Armor: Robe              ||    10
Dodge: Dodged            ||    26

Table legend: (Time is in decaauts)
 A = Elapsed time spent in this place.
 B = Non-inter-level travel time spent in this place.
 C = Inter-level travel time spent in this place.
 D = Time resting spent in this place.
 E = Time spent auto-exploring this place.
 F = Levels seen in this place.
 G = Mean time per level.
                   A        B        C        D        E       F      G
               +--------+--------+--------+--------+--------+-----+--------+
         Total |   1488 |   1488 |      0 |    603 |    552 |   2 |  744.0 |
       Dungeon |   1488 |   1488 |      0 |    603 |    552 |   2 |  744.0 |
               +--------+--------+--------+--------+--------+-----+--------+

Top non-repeatable levels by time:
     D:1: 1471 daAuts
     D:2: 16 daAuts
